 Dungeon Crawl Stone Soup version 0.26.0-10-g1f06aea511 (webtiles) character file.

Game seed: 514572447793272736

18 jackrogers the Stinger (level 2, 0/19 HPs)
             Began as a Merfolk Venom Mage on Jan 13, 2021.
             Slain by a goblin
             ... wielding a +0 club
             ... led by Robin
              (3 damage)
             ... on level 2 of the Dungeon.
             The game lasted 00:01:31 (851 turns).

jackrogers the Stinger (Merfolk Venom Mage)          Turns: 851, Time: 00:01:31

Health: 0/19       AC:  2    Str:  8    XL:     2   Next: 66%
Magic:  0/5        EV: 13    Int: 14    God:
Gold:   81         SH:  0    Dex: 14    Spells: 4/5 levels left

rFire    . . .     SeeInvis .   (no weapon)
rCold    . . .     Faith    .   (no shield)
rNeg     . . .     Spirit   .   a - +0 robe
rPois    .         Reflect  .   (no helmet)
rElec    .         Harm     .   (no cloak)
rCorr    .         Rampage  .   (no gloves)
Will     .....                  (no boots)
Stlth    ++........             (no amulet)
HPRegen  0.06/turn              (no ring)
MPRegen  0.09/turn              (no ring)

@: no status effects
A: change form in water, swift swim, stealthy swim
a: no special abilities


You were on level 2 of the Dungeon.
You visited 1 branch of the dungeon, and saw 2 of its levels.

You collected 81 gold pieces.

Inventory:

Hand Weapons
 c - a +0 club
   (You took it off a goblin on level 1 of the Dungeon)
 d - a +0 dagger
   (You found it on level 1 of the Dungeon)
 f - a +0 short sword
   (You took it off a kobold on level 1 of the Dungeon)
 h - a +0 dagger
   (You took it off a goblin on level 1 of the Dungeon)
Armour
 a - a +0 robe (worn)
Scrolls
 b - 2 scrolls of identify


   Skills:
 - Level 2.6 Dodging
 - Level 2.1 Stealth
 - Level 2.0 Spellcasting
 - Level 1.3 Transmutations
 + Level 4.3 Poison Magic


You had 4 spell levels left.
You knew the following spells:

 Your Spells              Type           Power        Failure   Level
a - Sting                 Tmut/Pois      36%          8%          1

Your spell library contained the following spells:

 Spells                   Type           Power        Failure   Level
 Poisonous Vapours        Pois/Air       14%          16%         2
 Ignite Poison            Fire/Tmut/Pois 6%           32%         3
 Mephitic Cloud           Conj/Pois/Air  5%           36%         3
 Olgreb's Toxic Radiance  Pois           13%          38%         4


Dungeon Overview and Level Annotations

Branches:
Dungeon (2/15)

Altars:

Annotations:
D:2 Robin


Message History

You now have 71 gold pieces (gained 15).
You now have 81 gold pieces (gained 10).
There is a shaft here.
Found a stone staircase leading down.
A goblin comes into view. It is wielding a +0 dagger.
A goblin is nearby!
A goblin is nearby!
A goblin is nearby!
Aim: a goblin, wielding a +0 dagger (asleep, 0% to evade)
The sting hits the goblin.
The goblin is poisoned.
The goblin shouts!
Aim: a goblin, wielding a +0 dagger (almost dead, poisoned, 40% to evade)
The sting hits the goblin.
The goblin looks even sicker.
You kill the goblin!
You start resting.
h - a +0 dagger Done exploring.
Done exploring.
Done exploring.
Done exploring.
As you read the scroll labelled BIEDDA AG AGAIR, it crumbles to dust.
It is a scroll of amnesia.
Really abort (and waste the scroll)? [Y]es or [N]o only, please.
Really abort (and waste the scroll)? [Y]es or [N]o only, please.
Really abort (and waste the scroll)?
Really abort (and waste the scroll)?
Really abort (and waste the scroll)?
Okay, then.
As you read the scroll labelled UHIUNA EMNOSAH, it crumbles to dust.
You feel blessed for a moment.
It was a scroll of remove curse.
As you read the scroll labelled XOBRYDGH ITURUL, it crumbles to dust.
It is a scroll of identify.
Really abort (and waste the scroll)? [Y]es or [N]o only, please.
Really abort (and waste the scroll)? [Y]es or [N]o only, please.
Really abort (and waste the scroll)? [Y]es or [N]o only, please.
Really abort (and waste the scroll)? [Y]es or [N]o only, please.
Really abort (and waste the scroll)?
Okay, then.
Done exploring.
Done exploring.
Done exploring.
Done exploring.
Done exploring.
(D) Dungeon
Where to? (? - help)
There is a stone staircase leading down here.
You climb downwards. 4 goblins come into view.
The goblin shouts! x4; You hear a shout! x3
There is a stone staircase leading up here.
Unknown command.
A hobgoblin comes into view. It is wielding a +0 club.
The hobgoblin shouts!
You hear a shout!
Aim: a goblin, wielding a +0 club (40% to evade)
The sting hits the goblin.
The goblin is poisoned.
You kill the goblin!
Aim: a goblin, wielding a +0 dagger (40% to evade)
The sting hits the goblin.
The goblin is poisoned.
Robin of the Strong Arm comes into view.
They are wielding a +2 mace of protection.
Aim: a goblin, wielding a +0 dagger (severely wounded, poisoned, 40% to evade)
The sting hits the goblin.
The goblin looks even sicker.
You kill the goblin!
Aim: a hobgoblin, wielding a +0 club (32% to evade)
The sting hits the hobgoblin.
The hobgoblin is poisoned.
Robin throws the goblin at you! The goblin hits you but does no damage.
Aim: a hobgoblin, wielding a +0 club (almost dead, poisoned, 32% to evade)
The sting hits the hobgoblin.
The hobgoblin looks even sicker.
You kill the hobgoblin!
Robin roars a battlecry!
The goblins go into a battle-frenzy!
The goblin hits you.
You hear a shout!
Really attack while wielding nothing?
Okay, then.
Unknown command.
Really attack while wielding nothing?
Okay, then.
There are monsters nearby!
Really attack while wielding nothing?
Okay, then.
There are monsters nearby!
Really attack while wielding nothing?
You hit the goblin. Robin throws the goblin at you!
The goblin barely misses you.
You hit the goblin but do no damage. The goblin misses you.
Robin throws the goblin at you! The goblin closely misses you.
The goblin hits you.
You closely miss the goblin. The goblin misses you.
The goblin hits you with a +0 club.
* * * LOW HITPOINT WARNING * * *
The goblin misses you. The goblin closely misses you.
You don't have enough magic to cast that spell.
The goblin barely misses you. The goblin hits you with a +0 club.
You die...

####...###
#........
!........
.........
......#
#....#
#....#
#.###.g@##
..g.))g.g#
..###..gg#
#....#
#....#
#....#
......#
#...$...
#.###.##


You could see Robin and 5 goblins.

Vanquished Creatures
  An ooze (D:1)
  2 giant cockroaches (D:1)
  A hobgoblin (D:2)
  A kobold (D:1)
  2 ball pythons (D:1)
  A frilled lizard (D:1)
  4 goblins
12 creatures vanquished.

Notes
Turn   | Place    | Note
-------+----------+-------------------------------------------
     0 | D:1      | jackrogers the Merfolk Venom Mage began the quest for the
                  | Orb.
     0 | D:1      | Reached XP level 1. HP: 13/13 MP: 3/3
   574 | D:1      | Reached XP level 2. HP: 19/19 MP: 3/5
   643 | D:1      | Reached skill level 4 in Poison Magic
   844 | D:2      | Noticed Robin
   850 | D:2      | HP: 3/19 [goblin/+0 club[Robin] (6)]
   851 | D:2      | Slain by a goblin

Illustrated notes

Levels and vault maps discovered:
D:1:      evilmike_arrival_crescent, layout_rooms
D:2:      layout_loops_ring, nemelex_diamond_rough_becter, uniq_robin,
          uniq_terence

Skill      XL: |  1  2 |
---------------+-------+-----
Poison Magic   | 4 |  4.3
Dodging        | |  2.6
Stealth        | |  2.1
Spellcasting   | |  2.0
Transmutations | |  1.3

Action                   || total
-------------------------++-------
Melee: Unarmed           ||    14
 Cast: Sting             ||    23
  Use: Scroll            ||     3
Armor: Robe              ||     5
Dodge: Dodged            ||    33

Table legend: (Time is in decaauts)
 A = Elapsed time spent in this place.
 B = Non-inter-level travel time spent in this place.
 C = Inter-level travel time spent in this place.
 D = Time resting spent in this place.
 E = Time spent auto-exploring this place.
 F = Levels seen in this place.
 G = Mean time per level.
                   A        B        C        D        E       F      G
               +--------+--------+--------+--------+--------+-----+--------+
         Total |    848 |    844 |      4 |    339 |    421 |   2 |  424.0 |
       Dungeon |    848 |    844 |      4 |    339 |    421 |   2 |  424.0 |
               +--------+--------+--------+--------+--------+-----+--------+

Top non-repeatable levels by time:
     D:1: 838 daAuts
     D:2: 9 daAuts

Table legend:
 A = Kills in this place as a percentage of kills in entire the game.
 B = Kills by you in this place as a percentage of kills by you in the entire game.
 C = Kills by friends in this place as a percentage of kills by friends in the entire game.
 D = Other kills in this place as a percentage of other kills in the entire game.
 E = Experience gained in this place as a percentage of experience gained in the entire game.
 F = Experience gained in this place divided by the number of levels of this place that you have seen.
                   A       B       C       D       E      F
               +-------+-------+-------+-------+-------+----------------------
         Total | 100.0 | 100.0 |   N/A |   N/A | 100.0 |  13.0
       Dungeon | 100.0 | 100.0 |   N/A |   N/A | 100.0 |  13.0
               +-------+-------+-------+-------+-------+----------------------
